 Dungeon Crawl Stone Soup version 0.30-a0-972-gf3ab3527aa (webtiles) character file.

Game seed: 10852212188552776820

638 Mickster the Cleaver (level 7, -3/91 HPs)
             Began as a Hill Orc Berserker on Mar 31, 2023.
             Was a Believer of Trog.
             Killed by divine providence
             ... invoked by an orc priest
              (16 damage)
             ... on level 5 of the Dungeon.
             The game lasted 00:29:55 (3234 turns).

Mickster the Cleaver (Hill Orc Berserker)           Turns: 3234, Time: 00:29:56

Health: -3/91      AC: 14    Str: 22    XL:     7   Next: 50%
Magic:  6/6        EV: 10    Int:  7    God:    Trog [**....]
Gold:   104        SH:  0    Dex: 10    Spells: 6/6 levels left

rFire   . . .      SeeInvis .    m - +2 hand axe (freeze)
rCold   . . .      Faith    +    (no shield)
rNeg    . . .      Spirit   .    g - +0 scale mail
rPois   +          Reflect  .    h - +0 helmet
rElec   .          Rampage  .    (no cloak)
rCorr   .                        (no gloves)
Will    ++...                    (no boots) Stlth
                                 r - amulet of faith
HPRegen 1.35/turn                f - +4 ring of protection
MPRegen 0.10/turn                (no ring)

@: berserking, strong-willed, regenerating, very quick
A: iridescent scales 1, low MP 1, poison resistance
a: Renounce Religion, Convert to Beogh, Berserk, Trog's Hand


You were on level 5 of the Dungeon.
You worshipped Trog.
Trog was pleased with you.
You visited 1 branch of the dungeon, and saw 5 of its levels.

You collected 104 gold pieces.

Inventory:

Hand Weapons
 a - a +0 hand axe
 j - a +0 long sword
 k - a +0 sling
 l - a +1 heavy hand axe
 m - a +2 hand axe of freezing (weapon)
 q - a +2 vampiric short sword
Missiles
 d - 29 stones (quivered)
Armour
 b - a +0 animal skin
 g - a +0 scale mail (worn)
 h - a +0 helmet (worn)
Jewellery
 f - a +4 ring of protection (left hand)
 r - an amulet of faith (around neck)
Wands
 i - a wand of paralysis (2)
Scrolls
 c - a scroll of butterflies
 n - a scroll of identify
 o - a scroll of blinking {unknown}
Potions
 p - a potion of resistance


   Skills:
 + Level 5.5 Fighting
 * Level 8.9 Axes
 + Level 3.6 Armour
 + Level 2.4 Dodging
 + Level 0.1 Stealth


You had 6 spell levels left.
You didn't know any spells.
Your spell library was empty.

Dungeon Overview and Level Annotations

Branches:
Dungeon (5/15)
 Temple: D:4-7

Altars:
Cheibriados
Elyvilon

Shops:
D:4 =


Innate Abilities, Weirdness & Mutations

You are partially covered in iridescent scales. (AC +2)
Your magical capacity is low. (-10% MP)
Your system is resistant to poisons. (rPois)


Message History

Your skin crawls.
You feel strong-willed.
The ogre hits you with a +0 giant spiked club!!
The orc priest mumbles some strange prayers to Beogh against you.
Beogh smites you!
A red film seems to cover your vision as you go berserk!
You feel yourself moving faster!
You feel mighty!
An orc priest comes into view. It is wielding a +0 war axe.
The ogre hits you with a +0 giant spiked club.
You barely miss the orc priest. You hit the ogre. You freeze the ogre.
The orc priest casts a cantrip, but nothing happens.
You hit the orc priest. You freeze the orc priest.
The orc priest is lightly wounded.
You closely miss the ogre. You hit the orc priest. You freeze the orc priest.
The orc priest is heavily wounded.
You slash the ogre! You freeze the ogre.
An orc wizard comes into view. It is wielding a +0 dagger.
The orc priest closely misses you.
The ogre hits you with a +0 giant spiked club!
* * * LOW HITPOINT WARNING * * *
You slash the orc priest! You freeze the orc priest.
You kill the orc priest!
Trog accepts your kill.
You slash the ogre! You freeze the ogre.
Found 18 gold pieces.
The ogre hits you with a +0 giant spiked club!
* * * LOW HITPOINT WARNING * * *
Things that are here:
a +0 dagger; a +0 scale mail The orc priest shouts, "Beogh is our master!
Accept the truth or die!"
You slash the ogre! You freeze the ogre.
You kill the ogre!
Trog accepts your kill.
You slash the orc wizard! You freeze the orc wizard.
You closely miss the orc priest.
The orc wizard hits you but does no damage.
The orc priest mumbles some strange prayers to Beogh against you.
Beogh smites you!
You die...

#.#$.##
......#
#.#...# #
##.#...##
#.##.....?..
........
#o)o#
########.@#
.≈≈≈≈≈..#.#
.≈.....≈.#.#
.≈.≈≈≈.≈.###
.≈≈...≈≈.#
.≈≈._.≈≈.#
..#
.≈≈...≈≈.#
..#
.≈.≈≈≈.≈.#
..#
.≈....†≈.#
..#


You could see an orc priest and an orc wizard.

Vanquished Creatures
  An ice beast (D:5)
  A black bear (D:4)
  An ogre (D:5)
  2 scorpions
  3 orc priests
  A jelly (D:3)
  An iguana (D:3)
  An orc wizard (D:5)
  A hound skeleton (D:2)
  Robin (D:2)
  A gnoll (D:1)
  2 adders (D:2)
  A white imp (D:5)
  2 adder skeletons (D:2)
  A worm (D:2)
  11 orcs
  A bat skeleton (D:2)
  7 endoplasms
  3 giant cockroaches
  20 goblins
  8 hobgoblins
  5 quokkas
  4 ball pythons
  A ball python skeleton (D:2)
  5 bats (D:1)
  4 frilled lizards
  6 kobolds
  A quokka zombie (D:2)
  5 rats
101 creatures vanquished.

Notes
Turn   | Place    | Note
-------+----------+-------------------------------------------
     0 | D:1      | Mickster the Hill Orc Berserker began the quest for the
                  | Orb.
     0 | D:1      | Reached XP level 1. HP: 19/19 MP: 1/1
   113 | D:1      | HP: 1/30 [hobgoblin (3)]
   358 | D:1      | Reached XP level 2. HP: 20/27 MP: 2/2
   676 | D:1      | Reached XP level 3. HP: 33/33 MP: 3/3
  1030 | D:2      | Reached skill level 5 in Axes
  1106 | D:2      | Reached ** piety under Trog
  1158 | D:2      | Reached XP level 4. HP: 41/41 MP: 4/4
  1272 | D:2      | Noticed Robin
  1287 | D:2      | Killed Robin
  1579 | D:3      | Reached XP level 5. HP: 44/47 MP: 5/5
  1724 | D:3      | Reached skill level 6 in Axes
  1731 | D:3      | Reached skill level 5 in Fighting
  2122 | D:3      | Reached XP level 6. HP: 35/56 MP: 6/6
  2524 | D:4      | Reached skill level 7 in Axes
  2526 | D:4      | Found Legosoy's Jewellery Boutique.
  2593 | D:4      | Gained mutation: Your magical capacity is low. (-10% MP)
                  | [potion of mutation]
  2593 | D:4      | Gained mutation: You are partially covered in iridescent
                  | scales. (AC +2) [potion of mutation]
  2593 | D:4      | Gained mutation: Your system is resistant to poisons.
                  | (rPois) [potion of mutation]
  2635 | D:4      | Noticed a black bear
  2647 | D:4      | Killed a black bear
  2693 | D:4      | Reached *** piety under Trog
  3048 | D:5      | Entered Level 5 of the Dungeon
  3053 | D:5      | Reached XP level 7. HP: 61/61 MP: 6/6
  3055 | D:5      | Reached skill level 8 in Axes
  3108 | D:5      | Found a snail-covered altar of Cheibriados.
  3173 | D:5      | Found a white marble altar of Elyvilon.
  3234 | D:5      | Killed from afar by an orc priest

Illustrated notes

Levels and vault maps discovered:
D:1:      scummos_arrival_simple_crosswalls, layout_loops_ring
D:2:      layout_basic, shapermc_ecumenical_altar_mp_ritualfount, serial_undead,
          serial_undead_b, serial_undead_d, serial_undead_a, serial_undead_e,
          uniq_natasha, uniq_robin
D:3:      layout_loops_ring
D:4:      layout_basic, kennysheep_windowed_goal
D:5:      layout_loops_ring, mainiacjoe_overflow_paths,
          lemuel_coloured_pillars_altar, nemelex_spade_bored_becter, minitemple,
          uniq_pikel, uniq_sigmund, uniq_ijyb

Skill      XL: |  1  2  3  4  5  6  7 |
---------------+----------------------+-----
Fighting       | 4 5 |  5.5
Axes           | 5 6 7 8 |  8.9
Dodging        | 2 |  2.4
Armour         | 3 |  3.6
Stealth        | |  0.1

Action                     |  1- 3 |  4- 6 |  7- 9 || total
---------------------------+-------+-------+-------++-------
  Melee: Hand axe          |   101 |   148 |    41 ||   290
         Punch             |       |     2 |     1 ||     3
  Throw: Stone             |       |     6 |       ||     6
 Invoke: Berserk           |     1 |     6 |     2 ||     9
         Trog's Hand       |       |     3 |     3 ||     6
    Use: Potion            |     2 |     3 |     1 ||     6
         Scroll            |     1 |     4 |       ||     5
 Armour: Animal skin       |    11 |       |       ||    11
         Scale mail        |    22 |    74 |    23 ||   119
  Dodge: Dodged            |    48 |    85 |    13 ||   146

Table legend: (Time is in decaauts)
 A = Elapsed time spent in this place.
 B = Non-inter-level travel time spent in this place.
 C = Inter-level travel time spent in this place.
 D = Time resting spent in this place.
 E = Time spent auto-exploring this place.
 F = Levels seen in this place.
 G = Mean time per level.
                   A        B        C        D        E       F      G
               +--------+--------+--------+--------+--------+-----+--------+
         Total |   3302 |   3052 |    250 |    571 |      0 |   5 |  660.4 |
       Dungeon |   3302 |   3052 |    250 |    571 |      0 |   5 |  660.4 |
               +--------+--------+--------+--------+--------+-----+--------+

Top non-repeatable levels by time:
     D:1: 977 daAuts
     D:3: 942 daAuts
     D:4: 618 daAuts
     D:2: 569 daAuts
     D:5: 195 daAuts
